 Dungeon Crawl Stone Soup version 0.26-a0-264-g3a471323bd (webtiles) character file.

Game seed: 15042340507731553500

823 BritishOli the Covered (level 7, -8/55 HPs)
             Began as a Demonspawn Fighter on July 11, 2020.
             Was an Initiate of Okawaru.
             Mangled by an ogre
             ... wielding a +0 giant club
              (11 damage)
             ... on level 4 of the Dungeon.
             The game lasted 00:08:05 (4672 turns).

BritishOli the Covered (Demonspawn Fighter)         Turns: 4672, Time: 00:08:05

Health: -8/55      AC: 21    Str: 18    XL:     7   Next: 64%
Magic:  7/7        EV:  7    Int: 10    God:    Okawaru [......]
Gold:   128        SH:  9    Dex: 12    Spells: 6/6 levels left

rFire    . . .     SeeInvis .   a - +0 long sword
rCold    + . .     Faith    .   c - +0 kite shield
rNeg     . . .     Spirit   .   k - +0 plate armour
rPois    .         Reflect  .   h - +2 helmet
rElec    .         Harm     .   (no cloak)
rCorr    .                      (no gloves)
MR       .....                  (no boots)
Stlth    ..........             (no amulet)
HPRegen  0.18/turn              t - ring of protection from cold
MPRegen  0.10/turn              z - +4 ring of evasion

@: no status effects
A: iridescent scales 3, powered by death 1, powered by pain 1
a: Renounce Religion


You were on level 4 of the Dungeon.
You worshipped Okawaru.
Okawaru was noncommittal.
You were not hungry.

You visited 2 branches of the dungeon, and saw 5 of its levels.

You collected 128 gold pieces.

Inventory:

Hand Weapons
 a - a +0 long sword (weapon)
Armour
 c - a +0 kite shield (worn)
 h - a +2 helmet (worn)
 k - a +0 plate armour (worn)
Jewellery
 t - a ring of protection from cold (left hand)
 x - an uncursed ring of fire
 z - a +4 ring of evasion (right hand)
 B - a cursed ring of attention {unknown}
Scrolls
 b - a scroll of fog {unknown}
 e - 6 scrolls of identify {unknown}
 g - 4 scrolls of teleportation {unknown}
 l - a scroll of random uselessness {unknown}
 m - 2 scrolls of immolation {unknown}
 n - 2 scrolls of enchant weapon {unknown}
 q - 3 scrolls of fear {unknown}
 r - a scroll of blinking {unknown}
 s - 2 scrolls of remove curse {unknown}
 w - a scroll of noise {unknown}
 y - a scroll of enchant armour {unknown}
Potions
 d - 2 potions of might
 i - a potion of resistance
 j - 2 potions of flight {unknown}
 o - 4 potions of curing
 p - 2 potions of brilliance {unknown}
 u - a potion of invisibility {unknown}
 v - 2 potions of heal wounds {unknown}
 A - a potion of stabbing {unknown}
Comestibles
 f - 16 rations


   Skills:
 + Level 4.8 Fighting
 + Level 3.8 Long Blades
 * Level 5.6 Armour
 + Level 4.4 Shields


You had 6 spell levels left.
You didn't know any spells.
Your spell library contained the following spells:

 Spells                   Type           Power        Failure   Level
 Animate Skeleton         Necr           #.....       100%        1
 Apportation              Tloc           #.....       100%        1
 Corona                   Hex            #......      100%        1
 Summon Small Mammal      Summ           #...         100%        1


Dungeon Overview and Level Annotations

Branches:
Dungeon (4/15)             Temple (1/1) D:4

Altars:
Ashenzari
Cheibriados
Dithmenos
Fedhas
Gozag
Hepliaklqana
Makhleb
Nemelex Xobeh
Okawaru
Qazlal
Ru
Sif Muna
Trog
Vehumet
Wu Jian
Xom
Yredelemnul
Zin
The Shining One


Innate Abilities, Weirdness & Mutations

You are completely covered in iridescent scales. (AC +6)
You regenerate a little health from kills.
You sometimes gain a little power by taking damage.


Message History

The ogre is severely wounded.
The ogre barely misses you.
You closely miss the ogre.
The ogre is severely wounded.
The ogre hits you with a +0 giant club!
You barely miss the ogre.
The ogre is severely wounded.
The ogre hits you with a +0 giant club!
* * * LOW HITPOINT WARNING * * *
You hit the ogre.
The ogre is almost dead.
The ogre completely misses you.
Your plate armour prevents you from hitting the ogre.
The ogre is almost dead.
The ogre hits you with a +0 giant club.
* * * LOW HITPOINT WARNING * * *
You hit the ogre but do no damage.
The ogre is almost dead.
The ogre hits you with a +0 giant club!
You die...

##...#..#####.####
#.#
.#...'....รท....(.#
#.#
.#...'..#####.##.#
#.# ##...'..# #.##.#
#.# #....#..# #.##.#
#.# #....#..# #.##.#
#.#
....##..#####.##.#
#.#
...##.........##.#
#.#
.###....########@#
##.###### ##...####
######O####.......#
...###
.............#.###.#
...#
#######.######.# #.#
...# #.# #.###.#####
##(# #.# #.....<....
##># #.# #..##.#####
##.#### #.# #..##...
....... ...
....######


You could see an ogre.

Vanquished Creatures
  The ghost of Miritol the Sneak, an amateur VSBr (D:4)
  An ice beast (D:4)
  A phantom (D:3)
  An ogre (D:4)
  A bullfrog (D:4)
  An orc priest (D:2)
  An iguana (D:4)
  An orc wizard (D:3)
  A worker ant (D:4)
  A centaur simulacrum (D:4)
  A worker ant zombie (D:2)
  4 gnolls (D:4)
  4 adders
  A worker ant simulacrum (D:4)
  An ooze (D:3)
  An adder skeleton (D:4)
  5 worms
  An adder simulacrum (D:4)
  3 dart slugs
  2 leopard geckos
  19 orcs
  6 giant cockroaches
  19 goblins
  19 hobgoblins
  5 jackals
  12 kobolds
  2 quokkas
  A ball python (D:2)
  A ball python skeleton (D:4)
  8 bats
  10 frilled lizards
  A giant cockroach simulacrum (D:4)
  A quokka skeleton (D:4)
  9 rats
146 creatures vanquished.

Notes
Turn   | Place    | Note
-------+----------+-------------------------------------------
     0 | D:1      | BritishOli the Demonspawn Fighter began the quest for the
                  | Orb.
     0 | D:1      | Reached XP level 1. HP: 18/18 MP: 1/1
   200 | D:1      | Gained mutation: You are partially covered in iridescent
                  | scales. (AC +2) [demonic ancestry]
   200 | D:1      | Reached XP level 2. HP: 24/24 MP: 2/2
   281 | D:1      | Reached skill level 3 in Armour
   989 | D:2      | Gained mutation: You are mostly covered in iridescent
                  | scales. (AC +4) [demonic ancestry]
   989 | D:2      | Reached XP level 3. HP: 9/29 MP: 3/3
  1516 | D:2      | Gained mutation: You regenerate a little health from kills.
                  | [demonic ancestry]
  1516 | D:2      | Reached XP level 4. HP: 16/35 MP: 4/4
  1983 | D:3      | Noticed a phantom
  2079 | D:3      | Killed a phantom
  2079 | D:3      | Reached skill level 4 in Armour
  2079 | D:3      | Gained mutation: You are completely covered in iridescent
                  | scales. (AC +6) [demonic ancestry]
  2079 | D:3      | Reached XP level 5. HP: 31/42 MP: 5/5
  2871 | D:3      | Gained mutation: You sometimes gain a little power by
                  | taking damage. [demonic ancestry]
  2871 | D:3      | Reached XP level 6. HP: 48/48 MP: 6/6
  3416 | D:4      | Noticed an ice beast
  3627 | D:4      | Reached skill level 5 in Armour
  3686 | D:4      | Reached XP level 7. HP: 53/55 MP: 7/7
  3871 | D:4      | Found a runed translucent gate.
  3871 | D:4      | Found a runed translucent gate.
  3874 | D:4      | Found a runed translucent gate.
  4111 | D:4      | Noticed Miritol's ghost (amateur VSBr)
  4126 | D:4      | Killed Miritol's ghost
  4174 | D:4      | Found a staircase to the Ecumenical Temple.
  4192 | Temple   | Entered the Ecumenical Temple
  4280 | Temple   | Became a worshipper of Warmaster Okawaru
  4588 | D:4      | Found a stormy altar of Qazlal.
  4588 | D:4      | Found a glowing golden altar of the Shining One.
  4620 | D:4      | Found a hazy altar of Hepliaklqana.
  4672 | D:4      | Mangled by an ogre

Illustrated notes

Levels and vault maps discovered:
D:1:      dpeg_arrival_rooms_b, layout_basic
D:2:      layout_rooms, first_ration
D:3:      corexii_shack_village, layout_basic, minivault_24
D:4:      corexii_shantytown, layout_loops_ring, dancing_weapons_uskayaw,
          minitemple, minmay_temple_entry_grid, gammafunk_ghost_icy,
          chequers_serial_rivers_micro_b, minmay_between
Temple:   lightli_temple_of_artemis

Skill      XL: |  1  2  3  4  5  6 |
---------------+-------------------+-----
Long Blades    | 2 3 |  3.8
Armour         | 3 4 5 |  5.6
Shields        | 3 4 |  4.4
Fighting       | 4 |  4.8

Action                   |  1- 3 |  4- 6 |  7- 9 || total
-------------------------+-------+-------+-------++-------
Melee: Long sword        |   193 |   332 |   162 ||   687
  Use: Potion            |       |     2 |       ||     2
  Eat: Ration            |     1 |     2 |     1 ||     4
Armor: Scale mail        |    29 |       |       ||    29
       Plate armour      |   191 |   231 |    79 ||   501
Dodge: Dodged            |    35 |    43 |    41 ||   119
Block: Kite shield       |   135 |   181 |    75 ||   391
       Rpst.: Long sword |    13 |    20 |     5 ||    38

Table legend:
 A = Non-vault XP
 B = Vault XP
 C = Vault XP percentage of total XP
 D = Non-vault monster count
 E = Vault monster count
 F = Vault count percentage of total count
                 A         B        C        D         E       F
            +---------+---------+-------+---------+---------+-------
      Total |     639 |     538 |  45.7 |      98 |      48 |  32.9
            +---------+---------+-------+---------+---------+-------
        D:1 |      28 |       0 |   0.0 |      18 |       0 |   0.0
        D:2 |     138 |       0 |   0.0 |      30 |       0 |   0.0
        D:3 |     248 |      21 |   7.8 |      35 |      10 |  22.2
        D:4 |     225 |     517 |  69.7 |      15 |      38 |  71.7
            +---------+---------+-------+---------+---------+-------
